| TOP OF THE 1ST |
|
Windy City ThunderBolts batting - Pitching for Brockton Rox : RHP Austin O'Connor
|
|
Pitching: RHP Austin O'Connor
|
|
|
Batting: LHB Adam Tarbutton
|
0-0: Called Strike 0-1: Ball 1-1: Ball 2-1: Ball 3-1: Base on Balls
|
|
Batting: LHB Matt Hyde
|
0-0: Ball Wild Pitch! Adam Tarbutton to second 1-0: Ball 2-0: Foul Ball, location: 2F 2-1: Ball 3-1: Base on Balls
|
|
Batting: LHB Larry Myers
|
0-0: Fly out, F8 (Line Drive, 8RD, EV 96.3 MPH)
|
|
Batting: LHB Herkko Haavikko
|
0-0: Fielders Choice at 2nd, 4-6 (Groundball, 4, EV 106.9 MPH) Adam Tarbutton to third
|
|
Batting: RHB Mike Rosa
|
0-0: Ball 1-0: Ball 2-0: Called Strike 2-1: Ball 3-1: Base on Balls Herkko Haavikko to second
|
|
Batting: LHB Justin Stickney
|
0-0: Fielders Choice at 2nd, 6-4 (Groundball, 6, EV 76.9 MPH)
|
| Top of the 1st over - 0 runs, 0 hits, 0 errors, 3 left on base; Windy City 0 - Brockton 0 |
| BOTTOM OF THE 1ST |
|
Brockton Rox batting - Pitching for Windy City ThunderBolts : LHP Mark Sharrett
|
|
Pitching: LHP Mark Sharrett
|
|
|
Batting: RHB Jim Hubbard
|
0-0: Foul Ball, location: 2F 0-1: Ball 1-1: Fly out, F6 (Flyball, 56D, EV 87.5 MPH)
|
|
Batting: LHB Carlos Guerra
|
0-0: Ball 1-0: Ball 2-0: Ball 3-0: Called Strike 3-1: Swinging Strike 3-2: Ground out 6-3 (Groundball, 6M, EV 80.0 MPH)
|
|
Batting: LHB Jarrett Mordecai
|
0-0: Ball 1-0: Called Strike 1-1: Called Strike 1-2: Strikes out swinging
|
| Bottom of the 1st over - 0 runs, 0 hits, 0 errors, 0 left on base; Windy City 0 - Brockton 0 |
| TOP OF THE 2ND |
|
Windy City ThunderBolts batting - Pitching for Brockton Rox : RHP Austin O'Connor
|
|
Batting: LHB Evan Oliveri
|
0-0: Ground out 6-3 (Groundball, 6, EV 88.1 MPH)
|
|
Batting: RHB Armando Vazquez
|
0-0: Foul Ball, location: 2F 0-1: Fly out, F8 (Flyball, 89D, EV 85.6 MPH)
|
|
Batting: SHB Alfie Bungledorf
|
0-0: Ball 1-0: Fly out, F8 (Flyball, 89S, EV 87.5 MPH)
|
| Top of the 2nd over - 0 runs, 0 hits, 0 errors, 0 left on base; Windy City 0 - Brockton 0 |
| BOTTOM OF THE 2ND |
|
Brockton Rox batting - Pitching for Windy City ThunderBolts : LHP Mark Sharrett
|
|
Batting: RHB Sal Rivera
|
0-0: Called Strike 0-1: Fly out, F9 (Flyball, 9LS, EV 88.8 MPH)
|
|
Batting: RHB Alex Melendez
|
0-0: Called Strike 0-1: SOLO HOME RUN (Flyball, 7D, EV 98.1 MPH), Distance : 382 ft
|
|
Batting: RHB Ted Emmerich
|
0-0: Ball 1-0: Fly out, F7 (Line Drive, 7, EV 98.1 MPH)
|
|
Batting: LHB John Buff
|
0-0: Called Strike 0-1: Ball 1-1: Ball 2-1: Foul Ball, location: 2F 2-2: Foul Ball, location: 2F 2-2: Ball 3-2: Ground out U3 (Groundball, 3S, EV 69.4 MPH)
|
| Bottom of the 2nd over - 1 run, 1 hit, 0 errors, 0 left on base; Windy City 0 - Brockton 1 |
| TOP OF THE 3RD |
|
Windy City ThunderBolts batting - Pitching for Brockton Rox : RHP Austin O'Connor
|
|
Batting: LHB Adam Tarbutton
|
0-0: Foul Ball, location: 2F 0-1: SINGLE (Groundball, 15S, EV 65.6 MPH) (infield hit)
|
|
Batting: LHB Matt Hyde
|
0-0: Ball 1-0: Ball 2-0: Called Strike 2-1: SINGLE (Line Drive, 4MD, EV 95.0 MPH) Adam Tarbutton to second
|
|
Batting: LHB Larry Myers
|
0-0: Called Strike 0-1: Ball 1-1: Ground out 5-3 (Groundball, 5L, EV 88.1 MPH) Adam Tarbutton to third Matt Hyde to second
|
|
Batting: LHB Herkko Haavikko
|
0-0: Swinging Strike 0-1: Foul Ball, location: 2F 0-2: Foul Ball, location: 2F 0-2: Foul Ball, location: 2F 0-2: Foul Ball, location: 2F 0-2: Strikes out swinging
|
|
Batting: RHB Mike Rosa
|
0-0: Ball 1-0: Called Strike 1-1: Foul Ball, location: 2F 1-2: Ground out 3-1 (Groundball, 13, EV 88.1 MPH)
|
| Top of the 3rd over - 0 runs, 2 hits, 0 errors, 2 left on base; Windy City 0 - Brockton 1 |
| BOTTOM OF THE 3RD |
|
Brockton Rox batting - Pitching for Windy City ThunderBolts : LHP Mark Sharrett
|
|
Batting: RHB Josh Smith
|
0-0: Called Strike 0-1: Ball 1-1: Foul Ball, location: 2F 1-2: Ball 2-2: SINGLE (Line Drive, 7S, EV 96.3 MPH)
|
|
Batting: RHB Travis Campbell
|
0-0: DOUBLE (Line Drive, 7LD, EV 95.6 MPH) Josh Smith to third
|
|
Batting: RHB Jim Hubbard
|
0-0: Foul Ball, location: 2F 0-1: Ball 1-1: Ground out 5-3 (Groundball, 56S, EV 72.5 MPH) Josh Smith scores Travis Campbell to third
|
|
Batting: LHB Carlos Guerra
|
0-0: Called Strike 0-1: Ball Wild Pitch! Travis Campbell scores 1-1: Ball 2-1: Swinging Strike 2-2: Ball 3-2: Base on Balls
|
|
Batting: LHB Jarrett Mordecai
|
0-0: Ball 1-0: Ball 2-0: Ball 3-0: Swinging Strike 3-1: Base on Balls Carlos Guerra to second
|
|
Batting: RHB Sal Rivera
|
0-0: Ball 1-0: SINGLE (Groundball, 56, EV 107.5 MPH) (infield hit) Carlos Guerra to third Jarrett Mordecai to second
|
|
Batting: RHB Alex Melendez
|
0-0: Grounds into double play, 6-4-3 (Groundball, 56, EV 87.5 MPH)
|
| Bottom of the 3rd over - 2 runs, 3 hits, 0 errors, 2 left on base; Windy City 0 - Brockton 3 |
| TOP OF THE 4TH |
|
Windy City ThunderBolts batting - Pitching for Brockton Rox : RHP Austin O'Connor
|
|
Batting: LHB Justin Stickney
|
0-0: Swinging Strike 0-1: Called Strike 0-2: Ball 1-2: Ball 2-2: Strikes out swinging
|
|
Batting: LHB Evan Oliveri
|
0-0: Ball 1-0: Foul Ball, location: 2F 1-1: Ground out 4-3 (Groundball, 4MD, EV 88.1 MPH)
|
|
Batting: RHB Armando Vazquez
|
0-0: Ball 1-0: Called Strike 1-1: Ball 2-1: Ground out 4-3 (Groundball, 34D, EV 104.4 MPH)
|
| Top of the 4th over - 0 runs, 0 hits, 0 errors, 0 left on base; Windy City 0 - Brockton 3 |
| BOTTOM OF THE 4TH |
|
Brockton Rox batting - Pitching for Windy City ThunderBolts : LHP Mark Sharrett
|
|
Batting: RHB Ted Emmerich
|
0-0: Called Strike 0-1: SINGLE (Groundball, 6M, EV 103.1 MPH) (infield hit)
|
|
Batting: LHB John Buff
|
0-0: Ball 1-0: Foul Ball, location: 2F 1-1: Ball 2-1: DOUBLE (Line Drive, 3D, EV 103.8 MPH) Ted Emmerich to third
|
|
Batting: RHB Josh Smith
|
0-0: Called Strike 0-1: Ball 1-1: Foul Ball, location: 2F 1-2: Foul Ball, location: 2F 1-2: Foul Ball, location: 2F 1-2: Strikes out swinging
|
|
Batting: RHB Travis Campbell
|
0-0: 3-RUN HOME RUN (Flyball, 78XD, EV 114.4 MPH), Distance : 440 ft
|
|
Pitching: LHP Ray Sowers
|
|
|
Batting: RHB Jim Hubbard
|
0-0: Swinging Strike 0-1: Ball 1-1: Ball 2-1: Swinging Strike 2-2: Ball 3-2: SINGLE (Line Drive, 9S, EV 98.1 MPH)
|
|
Batting: LHB Carlos Guerra
|
0-0: Foul Ball, location: 2F 0-1: Fly out, F9 (Flyball, 9S, EV 93.8 MPH)
|
|
Batting: LHB Jarrett Mordecai
|
0-0: Called Strike 0-1: Called Strike 0-2: Foul Ball, location: 2F 0-2: Ball 1-2: Foul Ball, location: 2F 1-2: Foul Ball, location: 2F 1-2: Ball 2-2: Ball 3-2: SINGLE (Flyball, 34D, EV 90.6 MPH) Jim Hubbard to second Jim Hubbard to third
|
|
Batting: RHB Sal Rivera
|
0-0: Swinging Strike 0-1: Called Strike 0-2: Ground out 6-3 (Groundball, 4MS, EV 90.0 MPH)
|
| Bottom of the 4th over - 3 runs, 5 hits, 0 errors, 2 left on base; Windy City 0 - Brockton 6 |
| TOP OF THE 5TH |
|
Windy City ThunderBolts batting - Pitching for Brockton Rox : RHP Austin O'Connor
|
|
Batting: SHB Alfie Bungledorf
|
0-0: DOUBLE (Line Drive, 78M, EV 105.0 MPH)
|
|
Batting: LHB Adam Tarbutton
|
0-0: Called Strike 0-1: Ground out 3-1 (Groundball, 34, EV 99.4 MPH) Alfie Bungledorf to third
|
|
Batting: LHB Matt Hyde
|
0-0: Fly out, F8 (Line Drive, 8LM, EV 93.1 MPH) Runner from 3rd tags up, SCORES, no throw by CF
|
|
Batting: LHB Larry Myers
|
0-0: Ball 1-0: Foul Ball, location: 2F 1-1: SINGLE (Line Drive, 89S, EV 94.4 MPH)
|
|
Batting: LHB Herkko Haavikko
|
0-0: Called Strike 0-1: SINGLE (Line Drive, 6D, EV 103.8 MPH) Larry Myers to second
|
|
Batting: RHB Mike Rosa
|
0-0: Ball 1-0: Swinging Strike 1-1: Fly out, F9 (Flyball, 9LD, EV 76.9 MPH)
|
| Top of the 5th over - 1 run, 3 hits, 0 errors, 2 left on base; Windy City 1 - Brockton 6 |
| BOTTOM OF THE 5TH |
|
Brockton Rox batting - Pitching for Windy City ThunderBolts : LHP Ray Sowers
|
|
Batting: RHB Alex Melendez
|
0-0: Called Strike 0-1: Called Strike 0-2: Ball 1-2: Fly out, F6 (Popup, 56, EV 75.6 MPH)
|
|
Batting: RHB Ted Emmerich
|
0-0: Foul Ball, location: 2F 0-1: Ball 1-1: Ball 2-1: Foul Ball, location: 2F 2-2: Ball 3-2: Base on Balls
|
|
Pitching: RHP Matt Christensen
|
|
|
Batting: LHB John Buff
|
0-0: Called Strike 0-1: Swinging Strike 0-2: TRIPLE (Flyball, 78XD, EV 107.5 MPH) Ted Emmerich scores
|
|
Batting: RHB Josh Smith
|
0-0: Ball 1-0: Ball 2-0: Foul Ball, location: 2F 2-1: Ball 3-1: Foul Ball, location: 2F 3-2: Foul Ball, location: 2F 3-2: Foul Ball, location: 2F 3-2: Base on Balls
|
|
Batting: RHB Travis Campbell
|
0-0: Ball 1-0: Foul Ball, location: 2F 1-1: Ball 2-1: Ball 3-1: Called Strike 3-2: Fielders Choice at 2nd, 3-6 (Groundball, 34S, EV 77.5 MPH) John Buff scores
|
|
Batting: RHB Jim Hubbard
|
0-0: Ground out 4-3 (Groundball, 4, EV 82.5 MPH)
|
| Bottom of the 5th over - 2 runs, 1 hit, 0 errors, 1 left on base; Windy City 1 - Brockton 8 |
| TOP OF THE 6TH |
|
Windy City ThunderBolts batting - Pitching for Brockton Rox : RHP Austin O'Connor
|
|
Batting: LHB Justin Stickney
|
0-0: Foul Ball, location: 2F 0-1: Fly out, F8 (Line Drive, 8RD, EV 109.4 MPH)
|
|
Batting: LHB Evan Oliveri
|
0-0: Fly out, F3 (Popup, 23F, EV 81.9 MPH)
|
|
Batting: RHB Armando Vazquez
|
0-0: SINGLE (Line Drive, 7S, EV 103.8 MPH)
|
|
Batting: SHB Alfie Bungledorf
|
0-0: Ball 1-0: Fly out, F5 (Popup, 5SF, EV 85.6 MPH)
|
| Top of the 6th over - 0 runs, 1 hit, 0 errors, 1 left on base; Windy City 1 - Brockton 8 |
| BOTTOM OF THE 6TH |
|
Brockton Rox batting - Pitching for Windy City ThunderBolts : RHP Matt Christensen
|
|
Batting: LHB Carlos Guerra
|
0-0: Called Strike 0-1: Ball 1-1: Foul Ball, location: 2F 1-2: Ball 2-2: Strikes out swinging
|
|
Pitching: RHP Caleb Westbay
|
|
|
Batting: LHB Jarrett Mordecai
|
0-0: Foul Ball, location: 2F 0-1: Foul Ball, location: 2F 0-2: Ball 1-2: Ball 2-2: Foul Ball, location: 2F 2-2: Fly out, F4 (Popup, 4D, EV 48.8 MPH)
|
|
Batting: RHB Sal Rivera
|
0-0: Foul Ball, location: 2F 0-1: Ball 1-1: Ball 2-1: Ball 3-1: Ground out 6-3 (Groundball, 6, EV 83.8 MPH)
|
| Bottom of the 6th over - 0 runs, 0 hits, 0 errors, 0 left on base; Windy City 1 - Brockton 8 |
| TOP OF THE 7TH |
|
Windy City ThunderBolts batting - Pitching for Brockton Rox : RHP Austin O'Connor
|
|
Batting: LHB Adam Tarbutton
|
0-0: Ball 1-0: Called Strike 1-1: Foul Ball, location: 2F 1-2: Strikes out swinging
|
|
Pinch Hitting: RHB David Rhodes
|
0-0: Ball 1-0: Called Strike 1-1: Ball 2-1: SINGLE (Line Drive, 56D, EV 110.0 MPH)
|
|
Pitching: RHP Ryuhei Shimabukuro
|
|
|
Batting: LHB Larry Myers
|
Pickoff Throw to First - Out! 1-3 0-0: Swinging Strike 0-1: Ball 1-1: Called Strike 1-2: Strikes out swinging
|
| Top of the 7th over - 0 runs, 1 hit, 0 errors, 0 left on base; Windy City 1 - Brockton 8 |
| BOTTOM OF THE 7TH |
|
Brockton Rox batting - Pitching for Windy City ThunderBolts : RHP Caleb Westbay
|
|
Now at 1B: David Rhodes
|
|
|
Batting: RHB Alex Melendez
|
0-0: Ground out 4-3 (Groundball, 4M, EV 91.3 MPH)
|
|
Batting: RHB Ted Emmerich
|
0-0: Foul Ball, location: 2F 0-1: Ball 1-1: Ball 2-1: Swinging Strike 2-2: Strikes out swinging
|
|
Batting: LHB John Buff
|
0-0: Ball 1-0: Foul Ball, location: 2F 1-1: Called Strike 1-2: Ball 2-2: Ball 3-2: Foul Ball, location: 2F 3-2: Base on Balls
|
|
Batting: RHB Josh Smith
|
0-0: Called Strike 0-1: Ball 1-1: Ground out 4-3 (Groundball, 4, EV 86.9 MPH)
|
| Bottom of the 7th over - 0 runs, 0 hits, 0 errors, 1 left on base; Windy City 1 - Brockton 8 |
| TOP OF THE 8TH |
|
Windy City ThunderBolts batting - Pitching for Brockton Rox : RHP Ryuhei Shimabukuro
|
|
Batting: LHB Herkko Haavikko
|
0-0: Swinging Strike 0-1: Ball 1-1: Ball 2-1: Called Strike 2-2: Foul Ball, location: 2F 2-2: Strikes out looking
|
|
Batting: RHB Mike Rosa
|
0-0: Ball 1-0: Called Strike 1-1: Ground out 5-3 (Groundball, 56S, EV 82.5 MPH)
|
|
Batting: LHB Justin Stickney
|
0-0: Ball 1-0: Ball 2-0: Foul Ball, location: 2F 2-1: Foul Ball, location: 2F 2-2: Foul Ball, location: 2F 2-2: Fly out, F6 (Flyball, 56D, EV 86.9 MPH)
|
| Top of the 8th over - 0 runs, 0 hits, 0 errors, 0 left on base; Windy City 1 - Brockton 8 |
| BOTTOM OF THE 8TH |
|
Brockton Rox batting - Pitching for Windy City ThunderBolts : RHP Caleb Westbay
|
|
Batting: RHB Travis Campbell
|
0-0: SINGLE (Groundball, 56D, EV 98.1 MPH)
|
|
Pitching: RHP Alec Guglielmo
|
|
|
Batting: RHB Jim Hubbard
|
0-0: Ball 1-0: Foul Ball, location: 2F 1-1: Foul Ball, location: 2F 1-2: Ball 2-2: Foul Ball, location: 2F 2-2: Fly out, F9 (Flyball, 89XD, EV 86.3 MPH)
|
|
Batting: LHB Carlos Guerra
|
0-0: Fly out, F8 (Flyball, 89S, EV 95.0 MPH)
|
|
Batting: LHB Jarrett Mordecai
|
0-0: Called Strike 0-1: Ball 1-1: Fielders Choice at 2nd, U6 (Groundball, 6M, EV 99.4 MPH)
|
| Bottom of the 8th over - 0 runs, 1 hit, 0 errors, 1 left on base; Windy City 1 - Brockton 8 |
| TOP OF THE 9TH |
|
Windy City ThunderBolts batting - Pitching for Brockton Rox : RHP Ryuhei Shimabukuro
|
|
Batting: LHB Evan Oliveri
|
0-0: Called Strike 0-1: Foul Ball, location: 2F 0-2: Strikes out looking
|
|
Pinch Hitting: RHB Jay Harrison
|
0-0: Ball 1-0: Reached on error, E6 (Flyball, 56D, EV 87.5 MPH)
|
|
Batting: SHB Alfie Bungledorf
|
0-0: Foul Ball, location: 2F 0-1: Swinging Strike 0-2: Ball 1-2: Foul Ball, location: 2F 1-2: Strikes out swinging
|
|
Batting: LHB Adam Tarbutton
|
0-0: Ball 1-0: Foul Ball, location: 2F 1-1: Foul Ball, location: 2F 1-2: Foul Ball, location: 2F 1-2: Ball 2-2: Foul Ball, location: 2F 2-2: Ball 3-2: Fly out, F9 (Flyball, 9LS, EV 80.6 MPH)
|
| Top of the 9th over - 0 runs, 0 hits, 1 error, 1 left on base; Windy City 1 - Brockton 8 |
|